 Dungeon Crawl Stone Soup version 0.32-a0-986-ga09f62fbf4 (webtiles) character file.

Game seed: 16281305718013999910

739 GiantSquids the Changeling (level 7, -1/43 HPs)
             Began as an Octopode Shapeshifter on Apr 22, 2024.
             Was an Initiate of Yredelemnul.
             Killed from afar by a steam dragon (12 damage)
             ... with a ball of steam
             ... on level 6 of the Dungeon.
             The game lasted 00:09:20 (4072 turns).

GiantSquids the Changeling (Octopode Shapeshifter)  Turns: 4072, Time: 00:09:20

Health: -1/43      AC:  1    Str: 16    XL:     7   Next: 75%
Magic:  7/7        EV: 12    Int: 12    God:    Yredelemnul [......]
Gold:   296        SH:  0    Dex: 14    Spells: 6/6 levels left

rFire   . . .        z - +6 whip of Yredelemnul's Respect {pain, rElec Dex+3}
rCold   . . .        (no shield)
rNeg    . . .        (helmet currently unavailable)
rPois   .            k - amulet of regeneration
rElec   +            q - ring of willpower
rCorr   .            (no ring)
SInv    .            (no ring)
Will    +....        (no ring)
Stlth   ++++         (no ring)
HPRegen 1.07/turn    (no ring)
MPRegen 0.10/turn    (no ring)
                     (no ring)

%: no passive effects
@: beast-form, wreathed by umbra
A: beast (slay +4), almost no armour, amphibious, 8 rings, camouflage 1,
gelatinous body 1, (nimble swimmer 1), tentacles
a: Begin Untransformation, Renounce Religion, Light the Black Torch, Recall
Undead Harvest


You were on level 6 of the Dungeon.
You worshipped Yredelemnul.
Yredelemnul was noncommittal.
You were a hulking beast.
You visited 1 branch of the dungeon, and saw 6 of its levels.

You collected 296 gold pieces.

Inventory:

Hand Weapons
 z - the +6 whip of Yredelemnul's Respect (weapon) {pain, rElec Dex+3}
   (You found it on level 4 of the Dungeon)

   Dex+3:     It affects your dexterity (+3).
   rElec:     It insulates you from electricity.
Missiles
 v - 5 boomerangs (quivered)
Jewellery
 g - a +6 ring of intelligence
 h - a ring of ice
 k - an amulet of regeneration (around mantle)
 q - a ring of willpower (left tentacle)
Talismans
 b - a beast talisman (active)
 c - a flux talisman
 n - a serpent talisman
Wands
 t - a wand of charming (6)
 y - a wand of flame (23)
 A - a wand of warping (5)
Scrolls
 d - a scroll of identify {unknown}
 m - 4 scrolls of teleportation {unknown}
 o - a scroll of revelation {unknown}
 p - a scroll of torment {unknown}
 r - 3 scrolls of vulnerability {unknown}
 s - a scroll of blinking {unknown}
 w - a scroll of acquirement {unknown}
Potions
 a - a potion of lignification
 e - a potion of attraction {unknown}
 f - a potion of berserk rage {unknown}
 i - 3 potions of heal wounds {unknown}
 j - 3 potions of haste {unknown}
 l - a potion of degeneration {unknown}
 u - 2 potions of enlightenment {unknown}
 x - a potion of mutation {unknown}
 B - a potion of magic {unknown}


   Skills:
 + Level 1.4 Fighting
 * Level 1.3 Maces & Flails
 + Level 2.2 Dodging
 - Level 3.5 Stealth
 - Level 3.0 Unarmed Combat
 + Level 7.5 Shapeshifting


You had 6 spell levels left.
You didn't know any spells.
Your spell library was empty.

Dungeon Overview and Level Annotations

Branches:
Dungeon (6/15)
 Temple: D:4-7

Altars:
Kikubaaqudgha
Nemelex Xobeh
Ru
Sif Muna
Uskayaw
Xom
Yredelemnul
Zin

Annotations:
D:3 2 transporters, bakla's ghost, weakling CoWr
D:5 3 runed translucent doors, Maxmaps's ghost, novice DsSh


Innate Abilities, Weirdness & Mutations

You are a hulking beast.
Your limbs bulge with bestial killing power. (Slay +4)
You cannot wear most types of armour.
You are amphibious.
You can wear up to eight rings at the same time.
Your skin changes colour to match your surroundings (Stealth+).
Your rubbery body absorbs attacks. (AC +1, EV +1)
((You are camouflaged when in or above water. (Stealth+)))
You have tentacles for arms and can constrict up to eight enemies at once.


Message History

You return your torch's flame to Yredelemnul, and they are satisfied with your conquest.
You climb downwards.
Your mindless puppet stays behind to rot.
There is a stone staircase leading up here.
You now have 296 gold pieces (gained 12).
Found a stone staircase leading up.
There is a stone staircase leading up here.
You open the door.
Found a club.
There is an open door here.
You see here a +0 club.
You open the door.
There is an open door here.
A steam dragon comes into view.
The steam dragon hisses angrily.
You lift the black torch aloft and begin your conquest of Level 6 of the Dungeon in Yredelemnul's name!
The steam dragon breathes steam at you. The ball of steam hits you!
The steam dragon bites you but does no damage.
The steam dragon closely misses you.
You completely miss the steam dragon. The steam dragon bites you.
The steam dragon claws you.
You whack the steam dragon! You squeeze the steam dragon!
The steam dragon is heavily wounded.
The steam dragon closely misses you. The steam dragon barely misses you.
You hit the steam dragon but do no damage.
Your squeeze misses the steam dragon.
The steam dragon is heavily wounded.
The steam dragon bites you. The steam dragon claws you.
You barely miss the steam dragon.
The steam dragon is heavily wounded.
The steam dragon bites you!
* * * LOW HITPOINT WARNING * * *
The steam dragon closely misses you.
You whack the steam dragon!
The steam dragon is almost dead.
The steam dragon breathes steam at you. The ball of steam hits you!
You die...
Your body rises from the dead as a mindless zombie.

#......##.##.....###.........#
#.#.##.# ###...## #.........#
#.#.##># ##'## ##.......##
#......# #.# ##.....##
#...##.## #.# ##...##
#......##.####.### ##.##
#.................# #.#
#.#.##.####.#.....# #.# # ..
##.h..#######.# #.
##D......<...# #.
..#.######### ##.#.# #.#.# #.#
... #.#


You could see a steam dragon (catching breath).

Vanquished Creatures
  An ogre (D:5)
  A centaur (D:5)
  Blork the orc (D:4)
  2 howler monkeys
  2 bombardier beetles (D:4)
  2 hounds
  2 iguanas
  A sleepcap (D:5)
  An orc wizard (D:4)
  3 gnolls (D:5)
  4 adders
  A white imp (D:6)
  3 ribbon worms
  3 dart slugs
  6 orcs
  5 ball pythons
  7 endoplasms
  6 giant cockroaches
  11 hobgoblins
  2 quokkas
  6 bats
  3 frilled lizards
  4 goblins
  12 kobolds
  6 rats
95 creatures vanquished.

Vanquished Creatures (collateral kills)
  An iguana (D:5)
  A gnoll (D:5)
2 creatures vanquished.

Vanquished Creatures (others)
  An orc (D:4)
1 creature vanquished.

Grand Total: 98 creatures vanquished

Notes
Turn   | Place    | Note
-------+----------+-------------------------------------------
     0 | D:1      | GiantSquids the Octopode Shapeshifter began the quest for
                  | the Orb.
     0 | D:1      | Reached XP level 1. HP: 13/13 MP: 1/1
   132 | D:1      | Reached skill level 1 in Stealth
   149 | D:1      | Reached XP level 2. HP: 18/18 MP: 2/2
   241 | D:1      | Found a faded altar of an unknown god.
   604 | D:1      | Reached XP level 3. HP: 20/23 MP: 3/3
  1359 | D:2      | Reached skill level 4 in Shapeshifting
  1529 | D:3      | Found a shimmering blue altar of Sif Muna.
  1727 | D:3      | You fall into a shaft and drop 3 floors!
  1735 | D:6      | Reached XP level 4. HP: 28/28 MP: 4/4
  1773 | D:5      | Entered Level 5 of the Dungeon
  1900 | D:3      | Reached XP level 5. HP: 33/33 MP: 5/5
  1927 | D:3      | Found a transporter.
  2306 | D:3      | Noticed an ogre
  2307 | D:3      | Noticed bakla's ghost (weakling CoWr)
  2308 | D:3      | Found a transporter.
  2308 | D:3      | Noticed an ogre
  2312 | D:3      | Noticed an ogre
  2352 | D:4      | Found a shimmering altar of Xom.
  2539 | D:4      | Found an ancient bone altar of Kikubaaqudgha.
  2570 | D:4      | Reached skill level 5 in Shapeshifting
  2604 | D:4      | Noticed Blork the orc
  2608 | D:4      | Killed Blork the orc
  2609 | D:4      | Reached XP level 6. HP: 29/38 MP: 6/6
  2828 | D:4      | Reached skill level 6 in Shapeshifting
  2849 | D:4      | Identified the +0 pair of gloves of Hiept {Fly rF- rN+
                  | Stlth+}
  3002 | D:4      | Identified the +6 whip of Yredelemnul's Respect {pain,
                  | rElec Dex+3}
  3346 | D:5      | Found a runed translucent gate.
  3346 | D:5      | Found a runed translucent gate.
  3346 | D:5      | Found a runed translucent gate.
  3392 | D:5      | Noticed Maxmaps's ghost (novice DsSh)
  3435 | D:5      | Found a glowing silver altar of Zin.
  3441 | D:5      | Found a sacrificial altar of Ru.
  3444 | D:5      | Found a hide-covered altar of Uskayaw.
  3444 | D:5      | Found a basalt altar of Yredelemnul.
  3450 | D:5      | Found a sparkling altar of Nemelex Xobeh.
  3457 | D:5      | Reached skill level 7 in Shapeshifting
  3457 | D:5      | Reached XP level 7. HP: 43/43 MP: 7/7
  3481 | D:5      | Became a worshipper of Yredelemnul the Fallen
  3647 | D:5      | Reached skill level 1 in Maces & Flails
  4063 | D:6      | Noticed a steam dragon
  4072 | D:6      | Killed from afar by a steam dragon

Illustrated notes

Levels and vault maps discovered:
D:1:      lightli_arrival_farm, layout_loops_ring,
          shapermc_ecumenical_altar_pompeii
D:2:      layout_basic
D:3:      layout_basic, mainiacjoe_overflow_cross_hatched, gammafunk_ghost_smash
D:4:      minmay_octagon_keep, layout_basic, kiku_gazebo_garden_becter,
          mainiacjoe_overflow_chevrons, uniq_blork_the_orc
D:5:      layout_loops_ring, nicolae_overflow_hallway_of_the_gods,
          gammafunk_ghost_icy, eino_tiny_chamber
D:6:      layout_loops_corners, mainiacjoe_overflow_concentric_impassable

Skill      XL: |  1  2  3  4  5  6  7 |
---------------+----------------------+-----
Stealth        | 1 2 3 |  3.5
Shapeshifting  | 4 5 7 |  7.5
Maces & Flails | 1 |  1.3
Fighting       | |  1.4
Dodging        | |  2.2
Unarmed Combat | |  3.0

Action                     |  1- 3 |  4- 6 |  7- 9 || total
---------------------------+-------+-------+-------++-------
  Melee: Unarmed           |    75 |    59 |       ||   134
         Constrict         |    24 |    25 |     6 ||    55
         Tentacles         |    17 |    20 |     4 ||    41
         Punch             |     2 |     2 |       ||     4
         Whip              |       |    18 |    26 ||    44
  Throw: Boomerang         |       |     2 |       ||     2
 Invoke: Light the Black T |       |       |     2 ||     2
   Stab: Sleeping          |     8 |    14 |     1 ||    23
         Distracted        |     1 |       |       ||     1
 Armour: Skin              |    37 |    24 |    15 ||    76
  Dodge: Dodged            |    56 |    25 |    23 ||   104

Table legend: (Time is in decaauts)
 A = Elapsed time spent in this place.
 B = Non-inter-level travel time spent in this place.
 C = Inter-level travel time spent in this place.
 D = Time resting spent in this place.
 E = Time spent auto-exploring this place.
 F = Levels seen in this place.
 G = Mean time per level.
                   A        B        C        D        E       F      G
               +--------+--------+--------+--------+--------+-----+--------+
         Total |   4066 |   3763 |    303 |      0 |   2950 |   6 |  677.7 |
       Dungeon |   4066 |   3763 |    303 |      0 |   2950 |   6 |  677.7 |
               +--------+--------+--------+--------+--------+-----+--------+

Top non-repeatable levels by time:
     D:4: 930 daAuts
     D:2: 829 daAuts
     D:5: 767 daAuts
     D:3: 722 daAuts
     D:1: 682 daAuts
     D:6: 134 daAuts
